 Dungeon Crawl Stone Soup version 0.32-a0-898-g7811c86cf0 (webtiles) character file.

Game seed: 9979305181014528345

29860 HilariousDeathArtist the Basher (level 13, -3/107 HPs)
             Began as a Mountain Dwarf Reaver on Apr 4, 2024.
             Was an Initiate of Gozag.
             Slain by a vault guard
             ... wielding a +6 great sword
              (19 damage)
             ... on level 13 of the Dungeon.
             The game lasted 00:19:32 (13581 turns).

HilariousDeathArtist the Basher (MDRe)             Turns: 13581, Time: 00:19:33

Health: -3/107     AC: 17    Str: 26    XL:     13   Next: 17%
Magic:  15/15      EV: 13    Int: 14    God:    Gozag
Gold:   1884       SH:  5    Dex: 14    Spells: 15/15 levels left

rFire   + + .        a - +10 flail of Wiet {speed, Fly Will+ SInv}
rCold   . . .        (no shield)
rNeg    . . .        o - +6 ring mail "Tyvyory" {rF+ Str+4}
rPois   +            c - +2 helmet of Athruoga {^Drain Regen+ Dex+6}
rElec   .            C - +2 cloak {Will+}
rCorr   .            (no gloves)
SInv    +            (no boots)
Will    +++..        H - amulet of reflection
Stlth   +            z - ring "Qiwkarch" {rPois rF+ Str+2}
HPRegen 1.17/turn    Q - +4 ring of slaying
MPRegen 0.14/turn

%: reflection, clarity
@: gold aura, flying
A: runic magic, artefact enchanting, clarity, deformed body, frail 1, MP-powered
wands
a: Renounce Religion, Potion Petition, Call Merchant, Bribe Branch


You were on level 13 of the Dungeon.
You worshipped Gozag.
Gozag was most pleased with you.
You visited 2 branches of the dungeon, and saw 14 of its levels.

You collected 3053 gold pieces.
You spent 1067 gold pieces at shops.
You paid 102 gold pieces to Gozag.

Inventory:

Hand Weapons
 a - the +10 flail of Wiet (weapon) {speed, Fly Will+ SInv}
   (You found it on level 5 of the Dungeon)

   Will+:     It increases your willpower.
   SInv:      It lets you see invisible.
   Fly:       It grants you flight.
 b - a +7 heavy morningstar
   (You found it on level 5 of the Dungeon)
 d - a +1 broad axe
   (You took it off a vault guard on level 13 of the Dungeon)
 g - a +1 vampiric hand axe
   (You took it off an orc on level 5 of the Dungeon)
 w - a +2 dire flail of freezing
   (You took it off a wight on level 7 of the Dungeon)
Missiles
 f - 10 boomerangs
 n - 46 poisoned darts
 s - 98 stones
 t - 3 throwing nets {!d}
 F - 5 javelins
Armour
 c - the +2 helmet of Athruoga (worn) {^Drain Regen+ Dex+6}
   (You took it off Robin on level 1 of the Dungeon)

   Dex+6:     It affects your dexterity (+6).
   Regen+:    It increases your rate of health regeneration.
   ^Drain:    It drains your maximum health when unequipped.
 o - the +6 ring mail "Tyvyory" (worn) {rF+ Str+4}
   (You took it off an orc on level 3 of the Dungeon)

   Str+4:     It affects your strength (+4).
   rF+:       It protects you from fire.
 C - a +2 cloak of willpower (worn)
   (You bought it in a shop on level 9 of the Dungeon)
 K - a +0 kite shield
   (You took it off a vault guard on level 13 of the Dungeon)
Jewellery
 z - the ring "Qiwkarch" (left hand) {rPois rF+ Str+2}
   (You bought it in a shop on level 9 of the Dungeon)

   [ring of poison resistance]

   Str+2:     It affects your strength (+2).
   rF+:       It protects you from fire.
   rPois:     It protects you from poison.
 A - a +4 ring of protection
   (You found it on level 4 of the Dungeon)
 E - a +5 ring of evasion
   (You found it on level 7 of the Dungeon)
 H - an amulet of reflection (around neck)
   (You found it on level 13 of the Dungeon)
 Q - a +4 ring of slaying (right hand)
   (You found it on level 12 of the Dungeon)
 V - a ring of see invisible {sInv, !d}
   (You found it on level 10 of the Dungeon)
Wands
 h - a wand of acid (7)
   (You found it on level 8 of the Dungeon)
 i - a wand of iceblast (12)
   (You found it on level 12 of the Dungeon)
 j - a wand of polymorph (9)
   (You found it on level 5 of the Dungeon)
 q - a wand of flame (20)
   (You found it on level 3 of the Dungeon)
 y - a wand of mindburst (30)
   (You found it on level 6 of the Dungeon)
Scrolls
 e - a scroll of noise {!r}
 k - 3 scrolls of poison {!r}
 l - a scroll of amnesia
 m - 3 scrolls of enchant weapon
 p - 4 scrolls of identify {@r1}
 r - a scroll of fog
 u - 2 scrolls of brand weapon
 v - 2 scrolls of fear
 x - 2 scrolls of revelation
 D - 5 scrolls of blinking {!r}
 O - 2 scrolls of silence
 Y - 2 scrolls of teleportation {@r3}
Potions
 B - a potion of brilliance
 G - a potion of ambrosia {!q}
 I - 2 potions of invisibility
 J - 4 potions of curing {@q1}
 M - 2 potions of might
 N - 2 potions of heal wounds {@q2}
 P - a potion of lignification {!q}
 U - 3 potions of mutation {!q}


   Skills:
 + Level 12.3 Fighting
 - Level 5.1(9.7) Axes
 + Level 12.7(13.1) Maces & Flails
 + Level 10.4 Armour
 + Level 7.5 Dodging
 - Level 1.7 Spellcasting
 - Level 2.6 Conjurations
 + Level 10.4 Evocations


You had 15 spell levels left.
You didn't know any spells.
Your spell library contained the following spells:

 Spells                   Type           Power      Damage    Failure   Level
 Magic Dart               Conj           32%        1d4       9%          1
 Kiss of Death            Conj/Necr      16%        2d6       16%         1
 Sting                    Conj/Alch      16%        1d4       16%         1
 Momentum Strike          Conj/Tloc      8%         3d8       22%         2
 Static Discharge         Conj/Air       8%         3-4/arc   22%         2
 Apportation              Tloc           2%         N/A       26%         1
 Freeze                   Ice            4%         1d3       26%         1
 Necrotise                Necr           4%         1d4       26%         1
 Summon Small Mammal      Summ           4%         N/A       26%         1
 Blink                    Tloc           2%         N/A       36%         2
 Call Imp                 Summ           2%         N/A       36%         2
 Sublimation of Blood     Necr           1%         N/A       36%         2
 Dazzling Flash           Conj/Hex       8%         N/A       41%         3
 Hailstorm                Conj/Ice       4%         3d5       41%         3
 Stone Arrow              Conj/Erth      8%         3d7       41%         3
 Frozen Ramparts          Ice            2%         1d1       61%         3
 Ozocubu's Armour         Ice            1%         N/A       61%         3
 Vampiric Draining        Necr           1%         2d6       61%         3
 Airstrike                Air            0%         2d(1-17)  95%         4
 Animate Armour           Summ/Erth      2%         N/A       95%         4
 Martyr's Knell           Necr/Summ      1%         N/A       95%         4
 Olgreb's Toxic Radiance  Alch           1%         N/A       95%         4
 Summon Lightning Spire   Summ/Air       1%         N/A       95%         4
 Curse of Agony           Necr           1%         N/A       100%        5
 Metabolic Englaciation   Hex/Ice        0%         N/A       100%        5
 Starburst                Conj/Fire      2%         6d3       100%        6
 Ozocubu's Refrigeration  Ice            0%         4d7       100%        7
 Summon Hydra             Summ           0%         N/A       100%        7
 Discord                  Hex            0%         N/A       100%        8
 Lehudib's Crystal Spear  Conj/Erth      2%         10d2      100%        8
 Maxwell's Capacitive Co  Air            0%         ∞         100%        8


Dungeon Overview and Level Annotations

Branches:
Dungeon (13/15)            Temple (1/1) D:5            Lair (0/5) D:10
    Orc (0/2) D:9          Vaults (0/5) D:13

Altars:
Ashenzari
Cheibriados
Dithmenos
Elyvilon
Fedhas
Gozag
Hepliaklqana
Kikubaaqudgha
Makhleb
Nemelex Xobeh
Okawaru
Qazlal
Ru
Sif Muna
Trog
Uskayaw
Vehumet
Wu Jian
Xom
Yredelemnul
Zin
The Shining One

Shops:
D:1 (   D:9 ??=[[

Annotations:
D:10 exclusion: oklob plant
D:11 2 transporters, BubbleThief's ghost, journeyman DsNe
D:13 2 transporters


Innate Abilities, Weirdness & Mutations

Your spellcasting is much less encumbered by armour.
You can use scrolls of enchantment on lesser artefacts.
You possess an exceptional clarity of mind.
Armour fits poorly on your strangely shaped body.
You are frail. (-10% HP)
You expend magic power (3 MP) to strengthen your wands.


Message History

The human shouts!
You hit the human but do no damage. The human hits you with a +6 falchion.
The human hits you with a +10 falchion!
You take 15 damage, and have 92/107 hp.
You thump the human! You thump the human! You block the human's attack.
The human hits you with a +6 falchion. The human hits you with a +10 falchion.
You take 6 damage, and have 86/107 hp.
You barely miss the human. You thump the human!
You kill the human!
The human hits you with a +6 falchion.
The human is distracted by your dazzling golden aura.
The human shouts!
You take 2 damage, and have 85/107 hp.
You barely miss the human. You closely miss the human. You bludgeon the human!!
The human is no longer distracted by gold.
The human hits you with a +5 long sword.
The human hits you with a +6 falchion.
You take 6 damage, and have 80/107 hp.
You closely miss the human. You bludgeon the human!!
You kill the human!
The human hits you with a +5 long sword.
You miss the human. You sock the human!
The human hits you with a +5 long sword!
You take 10 damage, and have 71/107 hp.
You sock the human! You sock the human! The human hits you but does no damage.
You thump the human!
You kill the human!
No target in view!
No target in view!
No target in view!
No target in view!
No target in view!
You now have 1873 gold pieces (gained 8).
Things that are here:
a +5 long sword; a +0 ring mail Health restored: 107 You now have 1878 gold pieces (gained 5).
Things that are here:
a +6 falchion; a +0 ring mail You now have 1884 gold pieces (gained 6).
Things that are here:
a +10 falchion; a +0 ring mail Partly explored, unvisited transporter.
Things that are here:
a +5 long sword; a +0 ring mail
There is a transporter here.
You enter the transporter and appear at another place. 2 vault guards come into view.
The vault guard shouts! x2
The vault guard moves out of view.
You sock the vault guard!
The vault guard hits you with a +8 great sword.
The vault guard hits you with a +6 great sword!
You take 20 damage, and have 87/107 hp.
You sock the vault guard! You bludgeon the vault guard!!
The vault guard hits you with a +8 great sword!
The vault guard hits you with a +6 great sword!
You take 28 damage, and have 60/107 hp.
MASSIVE DAMAGE!!
You are too injured to fight recklessly!
You are too injured to fight recklessly!
You are too injured to fight recklessly!
You are too injured to fight recklessly!
You are too injured to fight recklessly!
You are too injured to fight recklessly!
You thump the vault guard! You thump the vault guard!
The vault guard closely misses you.
The vault guard hits you with a +6 great sword!!
You take 23 damage, and have 37/107 hp.
MASSIVE DAMAGE!!
You closely miss the vault guard. You sock the vault guard!
The vault guard hits you but does no damage.
The vault guard hits you with a +6 great sword!
* * * LOW HITPOINT WARNING * * *
You take 6 damage, and have 31/107 hp.
You hit the vault guard.
You hit the vault guard but do no damage.
The vault guard closely misses you.
The vault guard hits you with a +6 great sword!!
* * * LOW HITPOINT WARNING * * *
You take 20 damage, and have 12/107 hp.
You sock the vault guard!
You kill the vault guard!
You feel much better.
The vault guard hits you with a +6 great sword!
* * * LOW HITPOINT WARNING * * *
You regained 2 hp, and now have 15/107 hp.
You thump the vault guard!
The vault guard hits you with a +6 great sword!!
You die...
Your body crumbles into a pile of gold.

#
#.........##)©.##.#..####..#.##
#####.)..>..#.))..#.#..#
#....... .##
#.......#.....#.#..# ##.##<##
..#
#.......#.....#....####..#.#.
.##
###...#.##...##.........#><.# ##
#...#.ß##©##ß..#.#.##.##.##
.#######..#.ß#####ß..#.#.##.##.#
..........#.##.©.##..#.#.##.##.#
.######...#.#...@.#..#.#.##..#.#
## #...#.#..♣$p#..#.#.###.#.#
#.....#.....#..#.#.###.#.#
#..##^##...##..#.........#
#..#..ß##©##ß...........##
#.....ß### #ß........#..#
#.##.### ###..##.#.#..#
######.##.# #..........###
#......##.#♣.....♣#..##.........


You could see a vault guard.

Vanquished Creatures
  Kirke (D:12)
  2 vault guards (D:13)
  A catoblepas (D:12)
  4 two-headed ogres
  A centaur warrior (D:13)
  An ironbound frostheart (D:13)
  Urug (D:13)
  3 skeletal warriors (D:12)
  Lodul (D:13)
  Pikel (D:8)
  3 ugly things
  4 cyclopes
  2 manticores
  2 unseen horrors (D:12)
  A gargoyle (D:11)
  A cane toad (shapeshifter) (D:13)
  2 kobold demonologists
  3 trolls
  A slime creature (D:13)
  A vampire (D:10)
  2 shadows
  A wraith (D:11)
  25 yaks
  A fire bat (D:10)
  7 hogs (D:12)
  2 water elementals (D:13)
  Eustachio (D:3)
  5 humans (D:13)
  2 basilisks (D:12)
  A wyvern (D:5)
  7 vampire mosquitoes
  An acid dragon (D:13)
  Duvessa (D:4)
  A hell hound (D:10)
  2 water moccasins
  3 ice beasts
  A black bear (D:7)
  2 sky beasts
  5 orc warriors
  8 ogres
  2 centaurs
  A phantom (D:5)
  2 kobold brigands
  4 bullfrogs
  7 earth elementals (D:12)
  3 scorpions
  3 gnoll sergeants
  15 wights
  Dowan (D:4)
  20 killer bees
  5 howler monkeys
  An electric eel (D:13)
  5 bombardier beetles
  2 gnoll boudas
  4 orc priests
  6 hounds
  Crazy Yiuf (D:4)
  5 iguanas
  7 orc wizards
  Ijyb (D:4)
  A howler monkey zombie (D:3)
  Robin (D:1)
  6 adders
  21 gnolls
  2 shadow imps
  3 white imps
  2 ufetubi (D:5)
  2 dart slugs
  6 ribbon worms
  31 orcs
  2 bats (D:1)
  4 endoplasms (D:3)
  2 giant cockroaches
  15 goblins
  9 hobgoblins
  4 quokkas
  5 ball pythons
  A ball python zombie (D:3)
  2 frilled lizards
  14 kobolds
  8 rats
350 creatures vanquished.

Notes
Turn   | Place    | Note
-------+----------+-------------------------------------------
     0 | D:1      | HilariousDeathArtist the Mountain Dwarf Reaver began the
                  | quest for the Orb.
     0 | D:1      | Reached XP level 1. HP: 17/17 MP: 3/3
   225 | D:1      | Found Yclethrop's Weapon Emporium.
   600 | D:1      | Reached skill level 4 in Axes
   600 | D:1      | Reached XP level 2. HP: 15/25 MP: 4/4
  1252 | D:2      | Reached skill level 3 in Fighting
  1365 | D:2      | Identified the +1 helmet of Athruoga {^Drain Regen+ Dex+6}
  1365 | D:2      | Noticed Robin
  1375 | D:2      | Gained mutation: You are agile. (Dex +4, Str/Int -1)
                  | [potion of mutation]
  1375 | D:2      | Gained mutation: You have a pair of small antennae on your
                  | head. [potion of mutation]
  1408 | D:2      | Reached XP level 3. HP: 25/31 MP: 5/5
  1425 | D:1      | Killed Robin
  2128 | D:3      | Reached skill level 1 in Maces & Flails
  2139 | D:3      | Reached XP level 4. HP: 37/40 MP: 6/6
  2603 | D:3      | Found a basalt altar of Yredelemnul.
  2740 | D:4      | Reached skill level 4 in Fighting
  2814 | D:4      | Reached skill level 2 in Maces & Flails
  3007 | D:4      | Reached XP level 5. HP: 41/47 MP: 7/7
  3115 | D:4      | Noticed Duvessa
  3115 | D:4      | Noticed Dowan
  3153 | D:3      | Identified the +6 ring mail "Tyvyory" {rF+ Str+4}
  3217 | D:4      | Noticed Eustachio
  3502 | D:3      | Killed Eustachio
  3503 | D:3      | Reached skill level 5 in Fighting
  3503 | D:3      | Reached skill level 4 in Maces & Flails
  3503 | D:3      | Reached XP level 6. HP: 56/56 MP: 8/8
  3653 | D:4      | Found a runed translucent door.
  3654 | D:4      | Noticed Crazy Yiuf
  3751 | D:4      | Noticed Ijyb
  3779 | D:4      | Killed Ijyb
  4124 | D:4      | Killed Dowan
  4125 | D:4      | Reached skill level 5 in Maces & Flails
  4141 | D:4      | Killed Duvessa
  4142 | D:4      | Reached skill level 6 in Fighting
  4142 | D:4      | Reached XP level 7. HP: 20/63 MP: 9/9
  4352 | D:4      | Killed Crazy Yiuf
  4399 | D:5      | Entered Level 5 of the Dungeon
  4432 | D:5      | Reached skill level 6 in Maces & Flails
  4482 | D:5      | Found a large runed translucent door.
  4484 | D:5      | Found a large runed translucent door.
  4485 | D:5      | Found a large runed translucent door.
  4485 | D:5      | Found a large runed translucent door.
  4503 | D:5      | Noticed a hornet
  4774 | D:5      | Reached skill level 1 in Armour
  4774 | D:5      | Reached skill level 1 in Evocations
  4831 | D:5      | Reached skill level 7 in Fighting
  4871 | D:5      | Found a bloodstained altar of Trog.
  4962 | D:5      | Reached skill level 2 in Dodging
  4962 | D:5      | Reached XP level 8. HP: 73/73 MP: 10/10
  5015 | D:5      | Found a staircase to the Ecumenical Temple.
  5028 | D:5      | Reached skill level 2 in Armour
  5028 | D:5      | Reached skill level 2 in Evocations
  5040 | Temple   | Entered the Ecumenical Temple
  5064 | Temple   | Became a worshipper of Gozag Ym Sagoz the Greedy
  5229 | D:5      | Reached skill level 5 in Axes
  5268 | D:5      | Identified the +10 flail of Wiet {speed, Fly Will+ SInv}
  5420 | D:5      | Noticed a kobold demonologist
  5427 | D:5      | Killed a kobold demonologist
  5459 | D:5      | Reached skill level 3 in Armour
  5459 | D:5      | Reached skill level 3 in Evocations
  5462 | D:5      | Paralysed by a hornet for 3 turns
  5465 | D:5      | a hornet changed into a wyvern
  5469 | D:5      | HP: 18/73 [wyvern (13)]
  5474 | D:5      | Reached skill level 7 in Maces & Flails
  5773 | D:6      | Reached skill level 3 in Dodging
  5785 | D:6      | Identified the +4 ring mail "Lupnaw" {rPois rF+ Dex-3}
  5853 | D:6      | Reached XP level 9. HP: 53/81 MP: 11/11
  6000 | D:6      | Reached skill level 8 in Fighting
  6000 | D:6      | Reached skill level 4 in Evocations
  6101 | D:6      | Reached skill level 4 in Armour
  6630 | D:6      | Found a faded altar of an unknown god.
  6630 | D:6      | Found a sparkling altar of Nemelex Xobeh.
  6659 | D:6      | Found an ornate altar of the Wu Jian Council.
  6661 | D:6      | Found a faded altar of an unknown god.
  6663 | D:6      | Found an ancient bone altar of Kikubaaqudgha.
  6908 | D:7      | Reached skill level 8 in Maces & Flails
  7031 | D:7      | Reached skill level 5 in Armour
  7039 | D:7      | Reached skill level 5 in Evocations
  7269 | D:7      | Reached skill level 4 in Dodging
  7870 | D:8      | Noticed Pikel
  7884 | D:8      | Lost mutation: You have a pair of small antennae on your
                  | head. [potion of mutation]
  7884 | D:8      | Lost mutation: You are agile. (Dex +4, Str/Int -1) [potion
                  | of mutation]
  7884 | D:8      | Gained mutation: Armour fits poorly on your strangely
                  | shaped body. [potion of mutation]
  7884 | D:8      | Gained mutation: You expend magic power (3 MP) to
                  | strengthen your wands. [potion of mutation]
  7884 | D:8      | Gained mutation: You are frail. (-10% HP) [potion of
                  | mutation]
  7884 | D:8      | Gained mutation: You possess an exceptional clarity of
                  | mind. [potion of mutation]
  7890 | D:8      | Reached XP level 10. HP: 80/81 MP: 12/12
  7892 | D:8      | Reached skill level 9 in Fighting
  7900 | D:8      | Killed Pikel
  8012 | D:8      | Reached skill level 6 in Armour
  8015 | D:8      | Reached skill level 9 in Maces & Flails
  8130 | D:8      | Reached skill level 6 in Evocations
  8370 | D:9      | Found Geuch's Armour Shoppe.
  8425 | D:9      | Bought a +1 cloak of willpower for 181 gold pieces
  8475 | D:9      | Found a staircase to the Orcish Mines.
  8498 | D:9      | Found Varo's Armour Boutique.
  8748 | D:9      | Found a burning altar of Makhleb.
  8774 | D:9      | Found Akujunwod's Jewellery Emporium.
  8780 | D:9      | Bought the ring "Qiwkarch" {rPois rF+ Str+2} for 382 gold
                  | pieces
  8878 | D:9      | Reached skill level 5 in Dodging
  8943 | D:9      | Reached skill level 7 in Armour
  8948 | D:9      | Reached skill level 7 in Evocations
  8990 | D:9      | Noticed a two-headed ogre
  8997 | D:9      | Killed a two-headed ogre
  8998 | D:9      | Reached skill level 10 in Fighting
  8998 | D:9      | Reached XP level 11. HP: 73/89 MP: 13/13
  9002 | D:9      | Found an iron altar of Okawaru.
  9072 | D:9      | Found Etoduitu's Magic Scroll Shop.
  9075 | D:9      | Bought a scroll of blinking for 90 gold pieces
  9075 | D:9      | Bought a scroll of enchant weapon for 90 gold pieces
  9075 | D:9      | Bought a scroll of silence for 114 gold pieces
  9075 | D:9      | Bought a scroll of revelation for 90 gold pieces
  9075 | D:9      | Found Wuxkan's Magic Scroll Shoppe.
  9079 | D:9      | Bought a scroll of blinking for 120 gold pieces
  9354 | D:10     | Entered Level 10 of the Dungeon
  9382 | D:10     | Found a glowing golden altar of the Shining One.
  9390 | D:10     | Reached skill level 10 in Maces & Flails
  9472 | D:10     | Found a stormy altar of Qazlal.
  9518 | D:10     | Noticed an oklob plant
  9679 | D:10     | Found a staircase to the Lair.
  9730 | D:10     | Found a transporter.
  9963 | D:10     | Found a shimmering altar of Xom.
 10196 | D:11     | Noticed a white ugly thing
 10278 | D:11     | Killed a white ugly thing
 10310 | D:11     | Reached skill level 8 in Armour
 10322 | D:11     | Reached skill level 8 in Evocations
 10409 | D:11     | Found a transporter.
 10412 | D:11     | Found a transporter.
 10412 | D:11     | Noticed a two-headed ogre
 10413 | D:11     | Noticed BubbleThief's ghost (journeyman DsNe)
 10420 | D:11     | Killed a two-headed ogre
 10537 | D:11     | Reached skill level 6 in Dodging
 10793 | D:11     | Noticed a two-headed ogre
 10799 | D:11     | Killed a two-headed ogre
 10800 | D:11     | Reached skill level 11 in Maces & Flails
 11000 | D:11     | Reached skill level 11 in Fighting
 11289 | D:12     | Noticed a two-headed ogre
 11298 | D:12     | Killed a two-headed ogre
 11429 | D:12     | Noticed a skeletal warrior
 11457 | D:12     | Killed a skeletal warrior
 11458 | D:12     | Reached XP level 12. HP: 52/99 MP: 14/14
 11537 | D:12     | Reached skill level 9 in Armour
 11543 | D:12     | Reached skill level 9 in Evocations
 11645 | D:12     | Noticed a catoblepas
 11666 | D:12     | Killed a catoblepas
 12203 | D:12     | Noticed Kirke
 12214 | D:12     | Reached skill level 12 in Maces & Flails
 12227 | D:12     | Reached skill level 7 in Dodging
 12252 | D:12     | Killed Kirke
 12491 | D:13     | Found an ornate altar of the Wu Jian Council.
 12515 | D:13     | Found a transporter.
 12520 | D:13     | Noticed Lodul
 12538 | D:12     | Reached skill level 12 in Fighting
 12596 | D:13     | Reached skill level 10 in Armour
 12643 | D:13     | Killed Lodul
 12644 | D:13     | Reached skill level 10 in Evocations
 12688 | D:13     | Found a transporter.
 12820 | D:13     | Noticed Urug
 12837 | D:13     | Killed Urug
 13075 | D:13     | Found a transporter.
 13076 | D:13     | Found an ornate altar of the Wu Jian Council.
 13076 | D:13     | Noticed a vault warden
 13366 | D:13     | Noticed a centaur warrior
 13371 | D:13     | Killed a centaur warrior
 13372 | D:13     | Reached XP level 13. HP: 106/106 MP: 15/15
 13453 | D:13     | Found a gate to the Vaults.
 13569 | D:13     | Found a transporter.
 13578 | D:13     | HP: 12/107 [vault guard/+6 great sword (20)]
 13581 | D:13     | Slain by a vault guard

Illustrated notes

Levels and vault maps discovered:
D:1:      matt_arrival_spirals, layout_basic, serial_shops, nicolae_shop_trees,
          minmay_vboxes
D:2:      layout_rooms, serial_forest, infiniplex_forest_lined_room_2,
          infiniplex_forest_3_way, infiniplex_forest_clump_cross,
          infiniplex_forest_lined_2, infiniplex_forest_zigzag_2,
          infiniplex_forest_lined_2, serial_bayou_crossing, uniq_robin
D:3:      layout_loops_ring, lemuel_zombie_altar_yredelemnul
D:4:      layout_cave_pools, kennysheep_small_spiral, uniq_ijyb,
          uniq_crazy_yiuf_cottage, uniq_duvessa, uniq_eustachio
D:5:      layout_cave_pools, amcnicky_altar_gilded,
          minmay_temple_entry_butterflies, minmay_hollow_rounded_squares
D:6:      layout_basic, chequers_temple_overflow_minitemple
D:7:      layout_cave_pods
D:8:      layout_rooms, uniq_pikel
D:9:      layout_loops_corners, kennysheep_okawaru_gauntlet,
          lightli_temple_of_fire, orc_0_dummy, serial_shops, shop,
          nicolae_shop_getting_attention, nicolae_shop_behind_doors, shop,
          nicolae_shop_tiny_real_fake_doors, chequers_decorated_corner,
          minivault_27, chequers_serial_rivers_micro_a
D:10:     layout_small_grid, mainiacjoe_overflow_catwalk_spiral,
          regret_index_xom_of_box, dpeg_oklobed_lair, nicolae_diode_basic
D:11:     layout_gridville, gammafunk_ghost_hive
D:12:     layout_basic, hangedman_cracks_in_the_wall, uniq_kirke
D:13:     dreamdust_wu_jian_sword_trials, layout_loops_ring,
          hellmonk_vaults_keyhole, chequers_big_river, uniq_urug, uniq_lodul
Temple:   hc_temple_tempest_star

Skill      XL: |  1  2  3  4  5  6  7  8  9 10 11 12 |
---------------+-------------------------------------+-----
Axes           | 4 5 |  5.1
Fighting       | 3 4 5 6 7 8 10 11 12 | 12.3
Maces & Flails | 1 2 4 5 6 7 8 9 11 12 | 12.7
Armour         | 1 3 5 7 8 10 | 10.4
Evocations     | 1 3 5 7 8 10 | 10.4
Dodging        | 2 3 4 5 6 7 |  7.5
Spellcasting   | |  1.7
Conjurations   | |  2.6

Action                     |  1- 3 |  4- 6 |  7- 9 | 10-12 | 13-15 || total
---------------------------+-------+-------+-------+-------+-------++-------
  Melee: Hand axe          |   144 |       |    66 |       |       ||   210
         Flail             |    46 |   204 |   309 |   631 |    52 ||  1242
         Whip              |       |       |    30 |       |       ||    30
  Throw: Javelin           |       |       |       |     3 |       ||     3
  Evoke: Wand              |       |       |     2 |     2 |       ||     4
    Use: Potion            |     5 |     2 |     2 |       |     1 ||    10
         Scroll            |     3 |     8 |     1 |     5 |       ||    17
   Stab: Sleeping          |     2 |       |       |       |       ||     2
         Distracted        |       |       |     2 |     4 |     1 ||     7
 Armour: Leather armour    |   159 |    82 |       |       |       ||   241
         Ring mail         |       |   131 |   256 |   208 |    32 ||   627
  Dodge: Dodged            |   152 |   263 |   288 |   337 |    10 ||  1050
  Block: Other             |       |       |       |       |     3 ||     3

Table legend: (Time is in decaauts)
 A = Elapsed time spent in this place.
 B = Non-inter-level travel time spent in this place.
 C = Inter-level travel time spent in this place.
 D = Time resting spent in this place.
 E = Time spent auto-exploring this place.
 F = Levels seen in this place.
 G = Mean time per level.
                   A        B        C        D        E       F      G
               +--------+--------+--------+--------+--------+-----+--------+
         Total |  13258 |  12605 |    653 |      3 |  10127 |  14 |  947.0 |
       Dungeon |  13225 |  12604 |    621 |      3 |  10127 |  13 | 1017.3 |
        Temple |     33 |      1 |     32 |      0 |      0 |   1 |   33.0 |
               +--------+--------+--------+--------+--------+-----+--------+

Top non-repeatable levels by time:
     D:4: 1370 daAuts
     D:3: 1313 daAuts
     D:1: 1289 daAuts
    D:12: 1094 daAuts
     D:5: 1072 daAuts
     D:6: 1054 daAuts
    D:13: 1046 daAuts
     D:7: 1042 daAuts
     D:9: 944 daAuts
    D:10: 935 daAuts
    D:11: 917 daAuts
     D:2: 677 daAuts
     D:8: 467 daAuts
  Temple: 33 daAuts

Levels and vault maps discovered:
D:1:      matt_arrival_spirals, layout_basic, serial_shops, nicolae_shop_trees,
          minmay_vboxes
D:2:      layout_rooms, serial_forest, infiniplex_forest_lined_room_2,
          infiniplex_forest_3_way, infiniplex_forest_clump_cross,
          infiniplex_forest_lined_2, infiniplex_forest_zigzag_2,
          infiniplex_forest_lined_2, serial_bayou_crossing, uniq_robin
D:3:      layout_loops_ring, lemuel_zombie_altar_yredelemnul
D:4:      layout_cave_pools, kennysheep_small_spiral, uniq_ijyb,
          uniq_crazy_yiuf_cottage, uniq_duvessa, uniq_eustachio
D:5:      layout_cave_pools, amcnicky_altar_gilded,
          minmay_temple_entry_butterflies, minmay_hollow_rounded_squares
D:6:      layout_basic, chequers_temple_overflow_minitemple
D:7:      layout_cave_pods
D:8:      layout_rooms, uniq_pikel
D:9:      layout_loops_corners, kennysheep_okawaru_gauntlet,
          lightli_temple_of_fire, orc_0_dummy, serial_shops, shop,
          nicolae_shop_getting_attention, nicolae_shop_behind_doors, shop,
          nicolae_shop_tiny_real_fake_doors, chequers_decorated_corner,
          minivault_27, chequers_serial_rivers_micro_a
D:10:     layout_small_grid, mainiacjoe_overflow_catwalk_spiral,
          regret_index_xom_of_box, dpeg_oklobed_lair, nicolae_diode_basic
D:11:     layout_gridville, gammafunk_ghost_hive
D:12:     layout_basic, hangedman_cracks_in_the_wall, uniq_kirke
D:13:     dreamdust_wu_jian_sword_trials, layout_loops_ring,
          hellmonk_vaults_keyhole, chequers_big_river, uniq_urug, uniq_lodul
Temple:   hc_temple_tempest_star

Table legend: (Time is in decaauts)
 A = Elapsed time spent in this place.
 B = Non-inter-level travel time spent in this place.
 C = Inter-level travel time spent in this place.
 D = Time resting spent in this place.
 E = Time spent auto-exploring this place.
 F = Levels seen in this place.
 G = Mean time per level.
                   A        B        C        D        E       F      G
               +--------+--------+--------+--------+--------+-----+--------+
         Total |  13258 |  12605 |    653 |      3 |  10127 |  14 |  947.0 |
       Dungeon |  13225 |  12604 |    621 |      3 |  10127 |  13 | 1017.3 |
        Temple |     33 |      1 |     32 |      0 |      0 |   1 |   33.0 |
               +--------+--------+--------+--------+--------+-----+--------+

Top non-repeatable levels by time:
     D:4: 1370 daAuts
     D:3: 1313 daAuts
     D:1: 1289 daAuts
    D:12: 1094 daAuts
     D:5: 1072 daAuts
     D:6: 1054 daAuts
    D:13: 1046 daAuts
     D:7: 1042 daAuts
     D:9: 944 daAuts
    D:10: 935 daAuts
    D:11: 917 daAuts
     D:2: 677 daAuts
     D:8: 467 daAuts
  Temple: 33 daAuts

Table legend:
 A = Kills in this place as a percentage of kills in the entire game.
 B = Kills by you in this place as a percentage of kills by you in the entire game.
 C = Kills by friends in this place as a percentage of kills by friends in the entire game.
 D = Other kills in this place as a percentage of other kills in the entire game.
 E = Experience gained in this place as a percentage of experience gained in the entire game.
 F = Experience gained in this place divided by the number of levels of this place that you have seen.
                   A       B       C       D       E      F
               +-------+-------+-------+-------+-------+----------------------
         Total | 100.0 | 100.0 |   N/A |   N/A | 100.0 | 3047.0
       Dungeon | 100.0 | 100.0 |   N/A |   N/A | 100.0 | 3281.4
               +-------+-------+-------+-------+-------+----------------------
